 Dungeon Crawl Stone Soup version 0.25.1-9-gc5326a611f (webtiles) character file.

Game seed: 11085609199244473433

98 Descartes the Ducker (level 4, 0/31 HPs)
             Began as a Felid Monk on Jan 3, 2021.
             Succumbed to an adder's poison
             ... on level 3 of the Dungeon.
             The game lasted 00:04:26 (3823 turns).

Descartes the Ducker (Felid Monk)                   Turns: 3823, Time: 00:04:26

Health: 0/31       AC: 22    Str:  8    XL:     4   Next: 43%
Magic:  5/5        EV:  4    Int: 11    God:
Gold:   115        SH:  0    Dex: 18    Spells: 3/3 levels left
                                        Lives:  0   Deaths: 1

rFire    . . .     SeeInvis +     - Unarmed
rCold    . . .     Gourm    .   (shield unavailable)
rNeg     + + +     Faith    .   (armour unavailable)
rPois    +         Spirit   .   (helmet unavailable)
rElec    .         Reflect  .   (cloak unavailable)
rCorr    +         Harm     .   (gloves unavailable)
MR       .....     NoTele   +   (boots unavailable)
Stlth    +++.......             (no amulet)
HPRegen  0.10/turn              k - ring of resist corrosion
MPRegen  0.09/turn              (no ring)

@: lethally poisoned (0 -> -5), tree-form
A: very small, no armour, no weapons or thrown items, stealth, see invisible,
carnivore, slow metabolism 1
a: no special abilities


You were on level 3 of the Dungeon.
You were completely stuffed.
You were a tree.
You visited 1 branch of the dungeon, and saw 3 of its levels.

You collected 115 gold pieces.

Inventory:

Missiles
 g - 89 stones
 h - 31 arrows
Jewellery
 i - an uncursed amulet of guardian spirit {unknown}
 k - a ring of resist corrosion (left branch)
Scrolls
 c - a scroll of noise {unknown}
 e - 2 scrolls of remove curse {unknown}
 f - a scroll of magic mapping {unknown}
 j - 3 scrolls of enchant weapon {unknown}
Comestibles
 a - 5 rations
 d - a chunk of flesh


   Skills:
 - Level 3.0 Fighting
 + Level 5.4 Dodging
 + Level 4.8 Stealth
 + Level 4.1 Unarmed Combat


You had 3 spell levels left.
You didn't know any spells.
Your spell library was empty.

Dungeon Overview and Level Annotations

Branches:
Dungeon (3/15)

Altars:
Qazlal

Annotations:
D:2 Robin


Innate Abilities, Weirdness & Mutations

You cannot wear armour.
You are incapable of wielding weapons or throwing items.
Your paws allow you to move quietly. (Stealth)
((You have sharp claws.))
((You have razor-sharp teeth.))
You have supernaturally acute eyesight. (SInv)
You are carnivorous and can eat meat at any time.
((You cover ground quickly.))
((You are covered in fur. (AC +1)))
You have a slow metabolism.
((Your sharp claws are effective at attacking unaware monsters.))


Message History

* * * LOW HITPOINT WARNING * * *
You feel sick. The adder bites you but does no damage.
* * * LOW HITPOINT WARNING * * *
You feel sick.
Really quaff the potion of lignification?
You turn into a tree.
Your roots penetrate the ground.
* * * LOW HITPOINT WARNING * * *
You feel sick. The adder barely misses you.
You miss the adder.
The adder is heavily wounded.
The adder bites you but does no damage.
You hit the adder.
The adder is almost dead.
* * * LOW HITPOINT WARNING * * *
You feel sick.
The adder bites you but does no damage. x2
You smack the adder!
You kill the adder!
You hit the worm.
The worm is lightly wounded.
You die...

..#.....#.# #..##......###
#.#.....#.####..#.÷.......#
#'#.....#.#.....#########.#
........#.#.#......# #.#
........#[#.#..###.# #.#
........#'#.#.)..# # #.#
.....##........#.# #.#
.....##.....####.# #.#
#...........'..w♣# #.#
#######.....###### #.#
#.....# ######.# #.....#
#......# #.....# #.######
###..w..# #.# #.......# #.#
#.).....# #.# #.......# #>#


You could see a worm.

Vanquished Creatures
  Terence (D:2)
  A hound zombie (D:2)
  2 adders (D:3)
  3 dart slugs
  A leopard gecko (D:3)
  2 orcs (D:3)
  6 giant cockroaches
  16 goblins
  12 hobgoblins
  A ball python (D:2)
  5 bats
  2 frilled lizards
  4 kobolds
  7 rats
63 creatures vanquished.

Notes
Turn   | Place    | Note
-------+----------+-------------------------------------------
     0 | D:1      | Descartes the Felid Monk began the quest for the Orb.
     0 | D:1      | Reached XP level 1. HP: 10/10 MP: 2/2
   109 | D:1      | Reached XP level 2. HP: 3/14 MP: 3/3
   926 | D:1      | Reached XP level 3. HP: 17/17 MP: 4/4
  1207 | D:2      | Noticed Terence
  1578 | D:2      | Noticed a water elemental
  1579 | D:2      | Found a stormy altar of Qazlal.
  1582 | D:2      | Noticed an air elemental
  1590 | D:2      | Noticed an earth elemental
  1590 | D:2      | Noticed a fire elemental
  1603 | D:2      | Noticed Robin
  2738 | D:2      | Reached XP level 4. HP: 17/21 MP: 5/5
  2907 | D:2      | Slain by Terence
  2908 | D:2      | Reached XP level 3. HP: -2/17 MP: 4/4
  2948 | D:2      | Reached skill level 5 in Dodging
  2952 | D:2      | Killed Terence
  3480 | D:3      | Reached XP level 4. HP: 21/21 MP: 5/5
  3817 | D:3      | HP: 1/21 [poisoned by an adder]
  3823 | D:3      | Succumbed to an adder's poison

Illustrated notes

Levels and vault maps discovered:
D:1:      giann_wishing_wells, layout_rooms
D:2:      layout_loops_ring, first_ration, grunt_ministairs_11,
          nicolae_qazlal_style_of_elements, uniq_robin, uniq_terence
D:3:      layout_basic

Skill      XL: |  1  2  3  4 |
---------------+-------------+-----
Stealth        | 3 4 |  4.8
Dodging        | 5 |  5.4
Unarmed Combat | 4 |  4.1
Fighting       | |  3.0

Action                   |  1- 3 |  4- 6 || total
-------------------------+-------+-------++-------
Melee: Unarmed           |   152 |    78 ||   230
       Bite              |    14 |     7 ||    21
       Punch             |     3 |       ||     3
  Use: Scroll            |     2 |       ||     2
       Potion            |       |     2 ||     2
 Stab: Sleeping          |     7 |     2 ||     9
  Eat: Chunk             |    17 |       ||    17
Armor: Skin              |     7 |     6 ||    13
Dodge: Dodged            |   130 |    50 ||   180
